 Dungeon Crawl Stone Soup version 0.26-a0-771-g060e6a62af (webtiles) character file.

Game seed: 16398362232987246588

51 somkeydreadnuts the Firebug (level 3, -15/31 HPs)
             Began as an Ogre Fire Elementalist on Nov 8, 2020.
             Was an Initiate of Vehumet.
             Demolished by an ogre
             ... wielding a +0 giant spiked club
              (19 damage)
             ... on level 2 of the Dungeon.
             The game lasted 00:06:27 (1507 turns).

somkeydreadnuts the Firebug (OgFE)                  Turns: 1507, Time: 00:06:29

Health: -15/31     AC:  3    Str: 12    XL:     3   Next: 81%
Magic:  0/6        EV: 10    Int: 17    God:    Vehumet [......]
Gold:   105        SH:  0    Dex:  9    Spells: 5/6 levels left

rFire    . . .     SeeInvis .   e - +0 club
rCold    . . .     Faith    .   (no shield)
rNeg     . . .     Spirit   .   a - +0 robe
rPois    .         Reflect  .   (helmet restricted)
rElec    .         Harm     .   (no cloak)
rCorr    .         Rampage  .   (gloves unavailable)
MR       .....                  (boots unavailable)
Stlth    +.........             (no amulet)
HPRegen  0.10/turn              (no ring)
MPRegen  0.10/turn              (no ring)

@: very slightly contaminated
A: large, unfitting armour, tough skin 1
a: Renounce Religion


You were on level 2 of the Dungeon.
You worshipped Vehumet.
Vehumet was noncommittal.
You visited 1 branch of the dungeon, and saw 2 of its levels.

You collected 105 gold pieces.

Inventory:

Hand Weapons
 e - a +0 club (weapon)
Armour
 a - a +0 robe (worn)
Scrolls
 b - a scroll of immolation {unknown}
 d - a scroll of enchant weapon {unknown}
 f - 2 scrolls of remove curse {unknown}
 j - a scroll of identify {unknown}
 m - a scroll of enchant armour {unknown}
 o - a scroll of fear {unknown}
Potions
 c - a potion of lignification {unknown}
 g - a potion of flight {unknown}
 h - a potion of attraction {unknown}
 i - a potion of ambrosia {unknown}
 k - 2 potions of magic {unknown}
 l - a potion of cancellation {unknown}
 n - a potion of degeneration {unknown}


   Skills:
 - Level 0.1 Maces & Flails
 - Level 1.7 Dodging
 - Level 1.4 Stealth
 - Level 2.4 Spellcasting
 - Level 0.8 Conjurations
 + Level 4.2 Fire Magic


You had 5 spell levels left.
You knew the following spells:

 Your Spells              Type           Power        Failure   Level
a - Foxfire               Conj/Fire      ##..         7%          1

Your spell library contained the following spells:

 Spells                   Type           Power        Failure   Level
 Conjure Flame            Conj/Fire      ##......     21%         3
 Inner Flame              Hex/Fire       #.......     24%         3
 Sticky Flame             Conj/Fire      ##......     54%         4
 Fireball                 Conj/Fire      ##........   88%         5


Dungeon Overview and Level Annotations

Branches:
Dungeon (2/15)

Altars:
Makhleb
Vehumet
Yredelemnul


Innate Abilities, Weirdness & Mutations

You are too large for most types of armour.
You have tough skin. (AC +1)


Message History

Press < or > to pray at altars.
Casting: Foxfire (safe; 7% risk of failure)
Confirm with . or Enter, or press ? or * to list all spells.
You conjure some foxfire!
The foxfire hits the ogre.
The ogre is moderately wounded.
The ogre hits you with a +0 giant spiked club!!
Ouch! That really hurt!
* * * LOW HITPOINT WARNING * * *
Casting: Foxfire (safe; 7% risk of failure)
Confirm with . or Enter, or press ? or * to list all spells.
You don't have enough magic to cast that spell.
Unknown command.
Press < or > to pray at altars.
You barely miss the ogre.
The ogre is moderately wounded.
The foxfire hits the ogre.
The ogre is heavily wounded.
The ogre hits you with a +0 giant spiked club!!
Ouch! That really hurt!
You die...

#.# #.# #..
#.### #.# #.. #
#.#.# ... #.. ..
##..## ..# #..
#.. #..._## ####
#.. #...#.P...#
#..
....'.⌠._#....$#
#...#.P.P#######
...$.#..O@P#
###. ##..### #.
#.### #. ##


You could see an ogre.

Vanquished Creatures
  6 dart slugs
  A leopard gecko (D:1)
  A ball python (D:2)
  2 bats (D:1)
  A giant cockroach (D:2)
  5 goblins
  8 hobgoblins
  A frilled lizard (D:2)
  6 kobolds
  5 rats
36 creatures vanquished.

Vanquished Creatures (others)
  94 foxfires
  A plant (D:2)
95 creatures vanquished.

Grand Total: 131 creatures vanquished

Notes
Turn   | Place    | Note
-------+----------+-------------------------------------------
     0 | D:1      | somkeydreadnuts the Ogre Fire Elementalist began the quest
                  | for the Orb.
     0 | D:1      | Reached XP level 1. HP: 16/16 MP: 3/3
    35 | D:1      | Reached skill level 3 in Fire Magic
   235 | D:1      | Reached XP level 2. HP: 24/24 MP: 0/5
   722 | D:1      | Reached XP level 3. HP: 31/31 MP: 4/6
  1160 | D:2      | Reached skill level 4 in Fire Magic
  1483 | D:2      | Found a basalt altar of Yredelemnul.
  1485 | D:2      | Found a burning altar of Makhleb.
  1485 | D:2      | Found a radiant altar of Vehumet.
  1498 | D:2      | Became a worshipper of Vehumet
  1502 | D:2      | Noticed an ogre
  1507 | D:2      | Demolished by an ogre

Illustrated notes

Levels and vault maps discovered:
D:1:      psy_arrival_basics, layout_rooms, serial_bayou_pond_d
D:2:      layout_loops_ring, gammafunk_temple_overflow_forgotten

Skill      XL: |  1  2  3 |
---------------+----------+-----
Fire Magic     | 3 4 |  4.2
Maces & Flails | |  0.1
Dodging        | |  1.7
Stealth        | |  1.4
Spellcasting   | |  2.4
Conjurations   | |  0.8

Action                   || total
-------------------------++-------
Melee: Unarmed           ||    10
       Club              ||    18
 Cast: Foxfire           ||    54
Armor: Robe              ||    11
Dodge: Dodged            ||    23

Table legend: (Time is in decaauts)
 A = Elapsed time spent in this place.
 B = Non-inter-level travel time spent in this place.
 C = Inter-level travel time spent in this place.
 D = Time resting spent in this place.
 E = Time spent auto-exploring this place.
 F = Levels seen in this place.
 G = Mean time per level.
                   A        B        C        D        E       F      G
               +--------+--------+--------+--------+--------+-----+--------+
         Total |   1513 |   1513 |      0 |      0 |   1077 |   2 |  756.5 |
       Dungeon |   1513 |   1513 |      0 |      0 |   1077 |   2 |  756.5 |
               +--------+--------+--------+--------+--------+-----+--------+

Top non-repeatable levels by time:
     D:1: 1142 daAuts
     D:2: 370 daAuts
